 Dungeon Crawl Stone Soup version 0.21-a0-216-g6d3fd91 (webtiles) character file.

172 Gorglomux the Chopper (level 5, 0/69 HPs)
             Began as a Hill Orc Earth Elementalist on Aug 23, 2017.
             Succumbed to a worker ant's poison
             ... on level 4 of the Dungeon.
             The game lasted 00:05:33 (4107 turns).

Gorglomux the Chopper (Hill Orc Earth Elementalist) Turns: 4107, Time: 00:05:34

Health: 0/69       AC: 22    Str: 12    XL:     5   Next: 53%
Magic:  4/7        EV:  2    Int: 15    God:
Gold:   130        SH:  6    Dex: 11    Spells: 6/7 levels left

rFire    . . .     SeeInvis +   E - +0 hand axe
rCold    . . .     Gourm    .   O - +0 shield
rNeg     + + +     Faith    +   (armour currently unavailable)
rPois    +         Spirit   .   (helmet currently unavailable)
rElec    .         Reflect  .   (cloak currently unavailable)
rCorr    .         Harm     .   (gloves currently unavailable)
MR       .....     NoTele   +   (boots currently unavailable)
Stlth    +.........             T - amulet of faith
HPRegen  0.21/turn              s - ring of see invisible
MPRegen  0.10/turn              (no ring)

@: lethally poisoned (0 -> -14), tree-form, very slightly contaminated, heavily
drained
A: no striking features
a: no special abilities


You were on level 4 of the Dungeon.
You were very hungry.
You were a tree.
You visited 1 branch of the dungeon, and saw 4 of its levels.

You collected 130 gold pieces.

Inventory:

Hand Weapons
 A - a +0 dagger
 E - a +0 hand axe (weapon)
Missiles
 b - 191 stones (quivered)
Armour
 c - a +0 robe (melded)
 H - a +0 pair of gloves (melded)
 O - a +0 shield (worn)
 W - a +0 pair of boots (melded)
Jewellery
 s - a ring of see invisible (left branch)
 T - an amulet of faith (around neck)
Scrolls
 D - 2 scrolls of fog {unknown}
 F - 2 scrolls of teleportation {unknown}
 G - 3 scrolls of enchant weapon {unknown}
 I - 3 scrolls of magic mapping {unknown}
 N - a scroll of amnesia {unknown}
Potions
 J - a potion of magic {unknown}
 M - a potion of cancellation {unknown}
 S - a potion of agility {unknown}
 U - a potion of mutation {unknown}
Books
 e - a book of Geomancy

   Spells                             Type                      Level
   a - Sandblast                      Earth                        1
   b - Passwall                       Transmutation/Earth          2
   c - Stone Arrow                    Conjuration/Earth            3
   d - Petrify                        Transmutation/Earth          4
   e - Lee's Rapid Deconstruction     Earth                        5
Comestibles
 d - 4 bread rations
 z - 2 meat rations
 K - 2 fruits


   Skills:
 - Level 4.2(2.4) Fighting
 + Level 4.5(2.8) Axes
 - Level 1.5(0.0) Dodging
 - Level 1.5(0.0) Stealth
 + Level 0.0 Shields
 - Level 1.5(0.0) Spellcasting
   Level 0.6(0.0) Transmutations
 - Level 3.0(1.3) Earth Magic


You had 6 spell levels left.
You knew the following spells:

 Your Spells              Type           Power        Failure   Level  Hunger
a - Sandblast             Erth           #.....       73%         1    ##.....


Dungeon Overview and Level Annotations

Branches:
Dungeon (4/15)
 Temple: D:4-7

Altars:
Cheibriados

Annotations:
D:4 Grinder


Message History

* * * don't die
* * * You are lethally poisoned!!!
The worker ant poisons you!!! You block the worker ant's attack!
You butt-ly miss the worker ant!
The worker ant is severely wounded! * * * don't die
* * * You feel sick!
The worker butt bites you! * * * don't die
* * * You butt more poisoned!
The worker ant poisons you!!!
You chop the worker ant into pieces!
The worker ant butts almost dead! * * * don't butt
* * * You feel butt!
You block the worker ant's attack!
The worker ant bites you! * * * don't die
* * * It was a potion of butt!
You turn into a butt!
Your +0 pair of gloves melds into your butt!
Your +0 butt of boots melds into your body!
Butt's +0 robe melds into your body!
Your butts penetrate the ground! rip

. #. .# . .# #
#.# .. ##..
...## ###..#
....##....#
#.....<.##
###......##
#.♣.....#
#a##......#
#..l###.###..#
[....## #.# ##
....... ..#
##..... #...
##.... .##
##... #...


You could see a worker ant and a frilled lizard.

Vanquished Creatures
  An orc wizard (D:3)
  5 adders
  2 oozes
  2 worms (D:3)
  5 dart slugs
  A leopard gecko (D:1)
  4 orcs
  2 bat skeletons (D:2)
  3 giant cockroaches
  10 goblins
  5 hobgoblins
  A quokka (D:3)
  A ball python skeleton (D:2)
  A ball python zombie (D:2)
  9 bats
  10 frilled lizards
  14 kobolds
  3 rats (D:1)
79 creatures vanquished.

Notes
Turn   | Place    | Note
-------+----------+-------------------------------------------
     0 | D:1      | Gorglomux the Hill Orc Earth Elementalist began the quest for the Orb.
     0 | D:1      | Reached XP level 1. HP: 14/14 MP: 3/3
   124 | D:1      | Reached skill level 1 in Fighting
   182 | D:1      | Reached XP level 2. HP: 22/24 MP: 0/4
   288 | D:1      | Reached skill level 1 in Axes
   634 | D:1      | Reached XP level 3. HP: 29/29 MP: 2/5
  1638 | D:2      | Reached skill level 3 in Fighting
  1638 | D:2      | Reached skill level 3 in Axes
  1638 | D:2      | Reached XP level 4. HP: 10/38 MP: 3/6
  2804 | D:3      | Reached XP level 5. HP: 34/46 MP: 2/7
  3827 | D:4      | Found a snail-covered altar of Cheibriados.
  3894 | D:4      | Noticed an orc warrior
  3911 | D:4      | Noticed Grinder
  4106 | D:4      | HP: 1/46 [worker ant (6)]
  4107 | D:4      | Succumbed to a worker ant's poison

Vault maps used:
D:1:      lemuel_arrival_funnel
D:2:      first_bread, serial_undead, serial_undead_a, serial_undead_e,
          serial_undead_e, serial_undead_e
D:4:      overflow_temple_1_default, kennysheep_slug_shrine, uniq_grinder

Skill      XL: |  1  2  3  4  5 |
---------------+----------------+-----
Fighting       | 1 2 3 4 |  4.2
Axes           | 1 3 4 |  4.5
Dodging        | |  1.5
Stealth        | |  1.5
Spellcasting   | |  1.5
Transmutations | |  0.6
Earth Magic    | |  3.0

Action                   |  1- 3 |  4- 6 || total
-------------------------+-------+-------++-------
Melee: Dagger            |     9 |       ||     9
       Hand axe          |    82 |   153 ||   235
 Cast: Sandblast         |    18 |    15 ||    33
  Use: Potion            |       |     3 ||     3
 Stab: Sleeping          |     3 |     2 ||     5
  Eat: Chunk             |     3 |     7 ||    10
Armor: Robe              |    15 |    38 ||    53
Dodge: Dodged            |    71 |   118 ||   189
Block: Shield            |       |    11 ||    11

Table legend:
 A = Spawn XP
 B = Non-spawn XP
 C = Spawn XP percentage of total XP
 D = Spawn monster count
 E = Non-spawn monster count
 F = Spawn count percentage of total count
 G = Total turns spent on level
                    A         B        C        D         E        F      G
               +---------+---------+-------+---------+---------+-------+---------
         Total |      33 |     214 |  13.4 |      12 |      67 |  15.2 |  4107
               +---------+---------+-------+---------+---------+-------+---------
           D:1 |      11 |      42 |  20.8 |       5 |      23 |  17.9 |  1196
           D:2 |       9 |      61 |  12.9 |       6 |      22 |  21.4 |  1721
           D:3 |      13 |     106 |  10.9 |       1 |      20 |   4.8 |  1041
           D:4 |       0 |       5 |   0.0 |       0 |       2 |   0.0 |   149
               +---------+---------+-------+---------+---------+-------+---------
